 Dungeon Crawl Stone Soup version 0.29.1-13-g9f3cf754e1 (webtiles) character file.

Game seed: 4386093790222463953

1343 KittyFluff the Cudgeller (level 8, -3/73 HPs)
             Began as a Gargoyle Berserker on Feb 6, 2023.
             Was an Elder of Trog.
             Slain by a wight
             ... wielding a +1 scimitar
              (6 damage)
             ... on level 5 of the Dungeon.
             The game lasted 00:26:58 (6372 turns).

KittyFluff the Cudgeller (Gargoyle Berserker)       Turns: 6372, Time: 00:26:59

Health: -3/73      AC: 11    Str: 20    XL:     8   Next: 62%
Magic:  8/8        EV: 12    Int:  9    God:    Trog [****..]
Gold:   294        SH:  4    Dex: 11    Spells: 7/7 levels left

rFire   . . .      SeeInvis .   a - +0 mace
rCold   . . .      Faith    .   b - +0 buckler
rNeg    + . .      Spirit   .   y - +0 leather armour
rPois   ∞          Reflect  .   t - +0 helmet
rElec   +          Harm     .   (no cloak)
rCorr   .          Rampage  .   (no gloves)
Will    .....                   r - +0 pair of boots
Stlth   ..........              (no amulet)
HPRegen 0.22/turn               l - +4 ring of slaying
MPRegen 0.11/turn               (no ring)

@: berserking, very quick
A: sickness immunity, AC +5, negative energy resistance 1, electricity
resistance, torment resistance 1, petrification resistance
a: Renounce Religion, Berserk, Trog's Hand, Brothers in Arms


You were on level 5 of the Dungeon.
You worshipped Trog.
Trog was greatly pleased with you.
You visited 1 branch of the dungeon, and saw 7 of its levels.

You collected 294 gold pieces.

Inventory:

Hand Weapons
 a - a +0 mace (weapon)
 g - a +0 flail
 G - a +0 sling
Missiles
 d - 6 curare-tipped darts
 m - 73 stones (quivered)
 v - 12 boomerangs
 I - 7 poisoned darts
Armour
 b - a +0 buckler (worn)
 r - a +0 pair of boots (worn)
 t - a +0 helmet (worn)
 w - a +0 chain mail
 y - a +0 leather armour (worn)
 B - a +0 ring mail
 L - a +1 scale mail of willpower
Jewellery
 k - a ring of ice
 l - a +4 ring of slaying (left hand)
Wands
 K - a wand of polymorph (5)
Scrolls
 c - a scroll of fear {unknown}
 f - a scroll of poison {unknown}
 i - a scroll of magic mapping {unknown}
 o - 2 scrolls of blinking {unknown}
 s - a scroll of amnesia {unknown}
 u - 2 scrolls of brand weapon {unknown}
 A - 2 scrolls of enchant armour {unknown}
 C - 2 scrolls of immolation
 E - 3 scrolls of noise {unknown}
 H - a scroll of butterflies {unknown}
 J - a scroll of teleportation {unknown}
Potions
 e - 5 potions of flight {unknown}
 h - 4 potions of curing {unknown}
 j - 2 potions of lignification
 n - a potion of berserk rage
 p - 3 potions of invisibility
 q - a potion of haste
 x - 4 potions of heal wounds
 z - a potion of attraction
 D - a potion of resistance {unknown}
 F - a potion of degeneration {unknown}


   Skills:
 + Level 5.2 Fighting
 + Level 7.0 Maces & Flails
 + Level 0.3 Throwing
 * Level 5.7 Armour
 + Level 3.4 Dodging
 + Level 3.1 Stealth
 + Level 1.6 Shields


You had 7 spell levels left.
You didn't know any spells.
Your spell library was empty.

Dungeon Overview and Level Annotations

Branches:
Dungeon (7/15)             Temple (0/1) D:4

Altars:
Cheibriados
Elyvilon
Ru
Vehumet

Shops:
D:1 =   D:2 :   D:6 (

Annotations:
D:4 1 runed translucent door, zlionsfan's ghost, amateur TeAE


Innate Abilities, Weirdness & Mutations

You are immune to sickness and miasma.
Your stone body is resilient. (AC +5)
You are immune to poison.
You resist negative energy. (rN+)
You are resistant to electric shocks. (rElec)
You are resistant to unholy torment.
You are immune to petrification.


Message History

The gnoll hits you but does no damage. The wight hits you but does no damage.
The wight hits you with a +0 falchion.
You climb upwards.
There is a stone staircase leading down here.
The gnoll attacks as you move away! The gnoll barely misses you.
The wight closely misses you. The gnoll attacks as you move away!
The gnoll hits you with a +0 flail. The wight attacks as you move away!
The wight hits you with a +1 scimitar. The wight hits you with a +0 falchion.
There is a stone staircase leading up here.
The gnoll hits you but does no damage. The wight hits you with a +0 falchion.
The wight hits you with a +1 scimitar!
You climb upwards.
There is a stone staircase leading down here.
You hit the wight.
The wight is lightly damaged.
The wight hits you with a +0 falchion. The gnoll hits you with a +0 flail!
* * * LOW HITPOINT WARNING * * *
You block the wight's attack.
You hit the wight but do no damage.
The wight is lightly damaged.
The wight hits you with a +0 falchion.
* * * LOW HITPOINT WARNING * * *
The gnoll hits you but does no damage. The wight hits you but does no damage.
You sock the wight!
The wight is severely damaged.
The wight hits you but does no damage. The gnoll closely misses you.
The wight closely misses you.
A red film seems to cover your vision as you go berserk!
You feel yourself moving faster!
You feel mighty! The wight barely misses you.
The gnoll hits you but does no damage. The wight hits you with a +1 scimitar.
* * * LOW HITPOINT WARNING * * *
You closely miss the wight.
The wight is severely damaged.
You completely miss the wight.
The wight is severely damaged.
The wight hits you but does no damage. The gnoll hits you with a +0 flail.
* * * LOW HITPOINT WARNING * * *
The wight hits you with a +1 scimitar.
You die...

#.............#
#.###########.#
#.#.........#.#
#.#.#######.#.#
#.#.......#.#.#
###########.#######.#.#.#
######.........#...........#.#
....##.#######.#########.###.#
...............z@#.....#.#.#.#
...)##.#######.#gz.....#.#.#.#
....##.# #.......##....#.#
######.# #..)........#.#.#
#.#######.......###.#.#.#
#.............##....#.#.#
#.............##.####.#.#
#.......[.....##.# #.#.#
#..............#.# #.#.#


You could see 2 wights and a gnoll.

Vanquished Creatures
  A water moccasin (D:5)
  A sky beast (D:6)
  A black bear (D:6)
  An ogre (D:5)
  A centaur (D:6)
  A phantom (D:4)
  A necrophage (D:4)
  3 scorpions (D:5)
  A wight (D:7)
  A howler monkey (D:6)
  2 orc priests (D:6)
  A jelly (D:6)
  A hound (D:5)
  3 iguanas
  2 orc wizards
  Robin (D:2)
  8 adders
  2 shadow imps (D:5)
  3 dart slugs
  2 worms
  18 orcs
  11 endoplasms
  3 giant cockroaches
  15 goblins
  9 hobgoblins
  8 jackals
  4 kobolds
  4 quokkas
  7 ball pythons
  3 bats
  5 frilled lizards
  6 rats
  A spectral kobold (D:1)
131 creatures vanquished.

Vanquished Creatures (others)
  A plant (D:3)
1 creature vanquished.

Grand Total: 132 creatures vanquished

Notes
Turn   | Place    | Note
-------+----------+-------------------------------------------
     0 | D:1      | KittyFluff the Gargoyle Berserker began the quest for the
                  | Orb.
     0 | D:1      | Reached XP level 1. HP: 14/14 MP: 1/1
    72 | D:1      | Reached XP level 2. HP: 16/19 MP: 2/2
   408 | D:1      | Found Genitt's Jewellery Shoppe.
   483 | D:1      | Reached XP level 3. HP: 12/24 MP: 3/3
   573 | D:1      | Found a faded altar of an unknown god.
   888 | D:2      | Noticed Robin
   892 | D:2      | Reached ** piety under Trog
  1525 | D:1      | Reached XP level 4. HP: 29/29 MP: 4/4
  1637 | D:2      | Killed Robin
  1914 | D:2      | Found Getaex's Book Shop.
  2247 | D:3      | Reached XP level 5. HP: 31/33 MP: 5/5
  2259 | D:3      | Reached *** piety under Trog
  2285 | D:3      | Reached skill level 1 in Stealth
  2938 | D:3      | Reached skill level 4 in Maces & Flails
  3632 | D:4      | Noticed a phantom
  3642 | D:4      | Killed a phantom
  3643 | D:4      | Reached XP level 6. HP: 35/39 MP: 6/6
  3669 | D:4      | Found a runed translucent door.
  3675 | D:4      | Noticed zlionsfan's ghost (amateur TeAE)
  3935 | D:4      | Found a staircase to the Ecumenical Temple.
  4380 | D:4      | Found a white marble altar of Elyvilon.
  4383 | D:4      | Found a snail-covered altar of Cheibriados.
  4393 | D:4      | Found a sacrificial altar of Ru.
  4396 | D:4      | Found a radiant altar of Vehumet.
  4652 | D:5      | Entered Level 5 of the Dungeon
  4756 | D:5      | Reached skill level 5 in Maces & Flails
  4811 | D:5      | Reached XP level 7. HP: 42/44 MP: 7/7
  5148 | D:5      | Reached skill level 5 in Armour
  5201 | D:5      | Reached skill level 1 in Shields
  5263 | D:5      | Reached skill level 6 in Maces & Flails
  5395 | D:5      | Reached XP level 8. HP: 35/48 MP: 8/8
  5741 | D:6      | Reached **** piety under Trog
  5843 | D:6      | Reached skill level 5 in Fighting
  6081 | D:6      | Found Xaboezxu's Weapon Shop.
  6359 | D:7      | Reached skill level 7 in Maces & Flails
  6372 | D:5      | HP: 3/73 [gnoll/+0 flail[a gnoll sergeant] (5)]
  6372 | D:5      | Slain by a wight

Illustrated notes

Levels and vault maps discovered:
D:1:      dpeg_arrival_orchard, layout_loops_ring,
          dreamdust_ecumenical_altar_drowned_temple, serial_shops,
          nicolae_diamond_shop
D:2:      layout_rooms, serial_shops, nicolae_shop_advertising_works
          [nicolae_subvault_shop_adworks], uniq_robin
D:3:      layout_loops_corners, serial_forest, infiniplex_forest_end_2,
          infiniplex_forest_clump_diagonal, infiniplex_forest_straight_1,
          infiniplex_forest_end_2, infiniplex_forest_clump_large,
          infiniplex_forest_straight_3, infiniplex_forest_straight_4,
          hangedman_decor_growths, roderic_serpentine_path
D:4:      layout_basic, grunt_temple_overflow_cloverleaf,
          minmay_temple_entry_gardened_gates, ebering_ghost_inner_flame
D:5:      layout_basic, hangedman_abyss_or_decor_stabs
D:6:      layout_gridville, serial_shops, shop
D:7:      layout_gridville, hex_tiny, grunt_ogre_cave

Skill      XL: |  1  2  3  4  5  6  7  8 |
---------------+-------------------------+-----
Armour         | 3 4 5 |  5.7
Dodging        | 2 3 |  3.4
Fighting       | 4 5 |  5.2
Stealth        | 2 3 |  3.1
Maces & Flails | 4 5 6 7 |  7.0
Shields        | 1 |  1.6
Throwing       | |  0.3

Action                   |  1- 3 |  4- 6 |  7- 9 || total
-------------------------+-------+-------+-------++-------
Melee: Mace              |   117 |   174 |   107 ||   398
       Punch             |       |     1 |       ||     1
Throw: Stone             |       |       |     4 ||     4
Invok: Berserk           |       |       |     1 ||     1
  Use: Scroll            |       |     5 |     1 ||     6
 Stab: Sleeping          |       |     3 |     2 ||     5
Armor: Animal skin       |    61 |    39 |       ||   100
       Leather armour    |       |    23 |    52 ||    75
Dodge: Dodged            |    82 |    83 |    55 ||   220
Block: Buckler           |       |    11 |    17 ||    28
